 Dungeon Crawl Stone Soup version 0.31.0-11-ge490571c62 (webtiles) character file.

Game seed: 12651050908877213581

3202 qw the Nimble (level 9, -2/45 HPs)
             Began as a Spriggan Hunter on Feb 3, 2024.
             Slain by a hornet (10 damage)
             ... while paralysed by a hornet
             ... on level 7 of the Dungeon.
             The game lasted 00:02:36 (5285 turns).

qw the Nimble (Spriggan Hunter)                     Turns: 5285, Time: 00:02:37

Health: -2/45      AC:  4    Str:  7    XL:     9   Next: 65%
Magic:  10/10      EV:  4    Int: 11    God:
Gold:   277        SH:  0    Dex: 28    Spells: 8/8 levels left

rFire   . . .        k - +0 orcbow
rCold   . . .        (shield currently unavailable)
rNeg    . . .        c - +0 robe
rPois   .            (helmet restricted)
rElec   .            d - +1 cloak
rCorr   .            (gloves unavailable)
SInv    +            (boots unavailable)
Will    +....        g - amulet of regeneration
Stlth   +++          j - +6 ring of dexterity
HPRegen 1.07/turn    h - +5 ring of evasion
MPRegen 0.12/turn

%: no passive effects
@: paralysed, lethally poisoned (-2 -> -4), slowed, very quick
A: very small, no large weapons, unfitting armour, see invisible, speed 3
a: no special abilities


You were on level 7 of the Dungeon.
You visited 2 branches of the dungeon, and saw 8 of its levels.

You collected 277 gold pieces.


Innate Abilities, Weirdness & Mutations

You are very small and have problems with some larger weapons.
You are too small for most types of armour.
You have supernaturally acute eyesight. (SInv)
You cover ground extremely quickly. (Speed+++)


   Skills:
 - Level 4.0 Fighting
 + Level 10.1 Ranged Weapons
 - Level 12.0 Dodging
 - Level 1.5 Stealth


You had 8 spell levels left.
You didn't know any spells.
Your spell library was empty.

Inventory:

Hand Weapons
 k - a +0 orcbow (weapon)
Armour
 c - a +0 robe (worn)
 d - a +1 cloak (worn)
Jewellery
 g - an amulet of regeneration (around neck)
 h - a +5 ring of evasion (right hand)
 j - a +6 ring of dexterity (left hand)
Wands
 e - a wand of polymorph (10)
Scrolls
 n - a scroll of teleportation
Potions
 b - 2 potions of curing
 f - a potion of heal wounds
 i - a potion of mutation
 l - a potion of haste
 m - a potion of might
 o - a potion of lignification {unknown}
 p - a potion of berserk rage {unknown}
 r - a potion of attraction {unknown}

Dungeon Overview and Level Annotations

Branches:
Dungeon (7/15)             Temple (1/1) D:4

Altars:
Ashenzari
Cheibriados
Dithmenos
Fedhas
Gozag
Makhleb
Nemelex Xobeh
Qazlal
Ru
Trog
Vehumet
Wu Jian
Xom
Yredelemnul
Zin
The Shining One

Shops:
D:1 =

Annotations:
D:7 2 transporters, qw's ghost, novice SpHu


Message History

Things that are here:
a +0 morningstar of protection; an orc corpse You see here a staff of air.
You now have 277 gold pieces (gained 21).
You open the door.
There is an open door here.
You open the door.
There is an open door here.
There is an open door here.
As you open the door, it creaks loudly!
A bullfrog comes into view.
You shoot an arrow. The arrow closely misses the bullfrog.
The bullfrog gives a loud, deep croak!
You shoot an arrow. The arrow hits the bullfrog!
The bullfrog is severely wounded.
The bullfrog completely misses you. The bullfrog misses you.
You shoot an arrow. The arrow hits the bullfrog!
You kill the bullfrog!
There is an open door, spattered with blood here.
You open the door.
A yak, a sleepcap and a hornet come into view.
The yak bellows!
The hornet buzzes angrily.
Found 15 gold pieces, a book of Power and a war axe.
Enter note:
Enter note: You shoot an arrow.
The arrow completely misses the hornet.
The arrow completely misses the sleepcap.
The arrow hits the yak but does no damage.
The hornet completely misses you.
You shoot an arrow. The arrow hits the hornet.
The hornet is lightly wounded.
The hornet stings you!
You suddenly lose the ability to move!
The hornet stings you!
You are poisoned.
You shrug off the repeated paralysis!
You feel very sick.
The hornet stings you but does no damage.
You feel very sick. The hornet stings you.
You feel yourself slow down. The hornet stings you!
You die...

+....#### ##.%##..## ####
###)#'....# .
##..#+##...##....# ..
#):..##.....##..## ...
$...#......|##'## ...#
fY##[..8..(##..## .... ##.
#y##[.....(#....## #..# #....
##@.##.....##....%. #..##
#..... #....##...##+#..###
#^..##......
#....'#'###..####
#.............##..##..##....#
#..............####....'....#
...............# #....##..##
..#............# ##..###### #
.##............## #### ##
.##...>.........# ###.


You could see a yak, a hornet and a sleepcap.

Vanquished Creatures
  Prince Ribbit (D:5)
  A wyvern (D:5)
  Sigmund (D:2)
  A yak (D:7)
  Menkaure (D:4)
  A water moccasin (D:7)
  2 black bears
  2 ice beasts
  An ogre (D:5)
  A centaur (D:5)
  A phantom (D:5)
  2 bullfrogs (D:7)
  A kobold brigand (D:6)
  Blork the orc (D:5)
  3 scorpions
  8 wights (D:6)
  3 howler monkeys (D:7)
  A hound (D:6)
  5 jellies
  2 sleepcaps
  2 bombardier beetles
  A gnoll bouda (D:6)
  5 iguanas
  Natasha (thrice) (D:2)
  7 adders
  10 gnolls
  A white imp (D:6)
  3 dart slugs
  2 ribbon worms
  4 orcs
  4 ball pythons
  8 endoplasms
  3 giant cockroaches
  11 goblins
  8 hobgoblins
  7 jackals
  3 quokkas
  2 bats (D:1)
  7 frilled lizards
  9 kobolds
  7 rats
146 creatures vanquished.

Notes
Turn   | Place    | Note
-------+----------+-------------------------------------------
     0 | D:1      | qw the Spriggan Hunter began the quest for the Orb.
     0 | D:1      | Reached XP level 1. HP: 10/10 MP: 2/2
     0 | D:1      | 0 ||| qw: Version: 0.3-a-155-g5e7d8dd
     0 | D:1      | 0 ||| qw: Game counter: 3324
     0 | D:1      | 0 ||| qw: Melee chars always use a shield: true
     0 | D:1      | 0 ||| qw: God list: Okawaru
     0 | D:1      | 0 ||| qw: Allow faded altars: false
     0 | D:1      | 0 ||| qw: Do Orc after clearing Dungeon:15 true
     0 | D:1      | 0 ||| qw: Do second Lair branch before Depths: true
     0 | D:1      | 0 ||| qw: Lair rune preference: random
     0 | D:1      | 0 ||| qw: Goals: Normal
     0 | D:1      | 0 ||| PLANNING D:1-11
    82 | D:1      | Reached skill level 3 in Dodging
   148 | D:1      | Reached XP level 2. HP: 14/14 MP: 3/3
   285 | D:1      | Reached skill level 4 in Dodging
   290 | D:1      | Found Wurchimo's Jewellery Shop.
   316 | D:1      | 316 ||| SHOPLISTING +5 ring of evasion (468 gold, have 17).
   316 | D:1      | 316 ||| SHOPLISTING amulet of reflection (390 gold, have
                  | 17).
   316 | D:1      | 316 ||| SHOPLISTING ring of ice (325 gold, have 17).
   316 | D:1      | 316 ||| SHOPLISTING ring of protection from fire (325 gold,
                  | have 17).
   316 | D:1      | 316 ||| SHOPLISTING ring of willpower (325 gold, have 17).
   614 | D:1      | 614 ||| UPGRADING to +6 ring of dexterity.
   615 | D:1      | 615 ||| READING scroll labelled ESUIWE YLLAPE.
   616 | D:1      | 616 ||| READING scroll labelled SODASYULITE.
   617 | D:1      | 617 ||| READING 2 scrolls labelled OJUETW FEXTE.
   718 | D:1      | 718 ||| READING scroll labelled OZAPTO MAERIU.
   721 | D:1      | 721 ||| READING scroll labelled TEISHU AGELIF.
   722 | D:1      | 722 ||| READING scroll labelled RAXKOT XODONA.
   723 | D:1      | 723 ||| DROPPING scroll of butterflies.
   724 | D:1      | 724 ||| DROPPING scroll of vulnerability.
   823 | D:2      | Reached XP level 3. HP: 18/18 MP: 4/4
   868 | D:2      | Noticed Sigmund
   878 | D:2      | Killed Sigmund
   879 | D:2      | Reached skill level 7 in Dodging
   879 | D:2      | Reached XP level 4. HP: 9/22 MP: 5/5
   879 | D:2      | Reached XP level 5. HP: 10/25 MP: 6/6
   881 | D:2      | 881 ||| FLEEEEING.
   882 | D:2      | 882 ||| FLEEEEING.
   883 | D:2      | 883 ||| FLEEEEING.
   884 | D:2      | 884 ||| FLEEEEING.
   885 | D:2      | 885 ||| FLEEEEING.
   886 | D:2      | 886 ||| FLEEEEING.
   888 | D:2      | 888 ||| FLEEEEING.
   889 | D:2      | 889 ||| FLEEEEING.
   890 | D:2      | 890 ||| FLEEEEING.
   891 | D:2      | 891 ||| FLEEEEING.
   892 | D:2      | 892 ||| FLEEEEING.
   895 | D:2      | 895 ||| FLEEEEING.
   896 | D:2      | 896 ||| FLEEEEING.
   897 | D:2      | 897 ||| FLEEEEING.
   898 | D:2      | 898 ||| FLEEEEING.
   899 | D:2      | 899 ||| FLEEEEING.
   900 | D:2      | 900 ||| FLEEEEING.
   901 | D:2      | 901 ||| FLEEEEING.
   902 | D:2      | 902 ||| FLEEEEING.
   903 | D:2      | 903 ||| FLEEEEING.
   907 | D:2      | 907 ||| FLEEEEING.
   908 | D:2      | 908 ||| FLEEEEING.
   909 | D:2      | 909 ||| FLEEEEING.
   910 | D:2      | 910 ||| FLEEEEING.
   911 | D:2      | 911 ||| FLEEEEING.
   912 | D:2      | 912 ||| FLEEEEING.
   913 | D:2      | 913 ||| FLEEEEING.
   914 | D:2      | 914 ||| FLEEEEING.
   915 | D:2      | 915 ||| FLEEEEING.
   916 | D:2      | 916 ||| FLEEEEING.
   920 | D:2      | 920 ||| FLEEEEING.
   921 | D:2      | 921 ||| FLEEEEING.
   922 | D:2      | 922 ||| FLEEEEING.
   923 | D:2      | 923 ||| STAIRDANCE
   953 | D:1      | 953 ||| READING scroll of identify.
   953 | D:1      | 953 ||| IDENTIFYING bubbling brown potion
   954 | D:1      | 954 ||| READING scroll labelled OZIMME DAJASH.
   954 | D:1      | 954 ||| ENCHANTING +0 shortbow.
   955 | D:1      | 955 ||| READING scroll labelled ISOOTU DIZOONE.
   956 | D:1      | 956 ||| DROPPING potion of ambrosia.
  1050 | D:2      | Noticed Natasha
  1054 | D:2      | Killed Natasha
  1430 | D:2      | Noticed Natasha
  1457 | D:2      | Killed Natasha
  1458 | D:2      | 1458 ||| FLEEEEING.
  1459 | D:2      | 1459 ||| FLEEEEING.
  1460 | D:2      | 1460 ||| FLEEEEING.
  1657 | D:2      | Noticed Natasha
  1661 | D:2      | Killed Natasha
  1662 | D:2      | Reached XP level 6. HP: 30/30 MP: 7/7
  1679 | D:2      | 1679 ||| UPGRADING to +0 cloak.
  2198 | D:3      | 2198 ||| DROPPING ring of flight.
  2199 | D:3      | 2199 ||| READING scroll labelled AKAC LOMIUL.
  2199 | D:3      | 2199 ||| ENCHANTING +0 cloak.
  2238 | D:4      | Reached skill level 6 in Ranged Weapons
  2382 | D:4      | Reached XP level 7. HP: 35/35 MP: 8/8
  2383 | D:4      | Found a staircase to the Ecumenical Temple.
  2384 | D:4      | 2384 ||| PLANNING TEMPLE
  2384 | D:4      | 2384 ||| READING scroll of identify.
  2384 | D:4      | 2384 ||| IDENTIFYING red potion
  2391 | Temple   | Entered the Ecumenical Temple
  2392 | Temple   | 2392 ||| PLANNING D:1-11
  2500 | D:4      | Noticed Menkaure
  2515 | D:4      | HP: 5/35 [frozen (5)]
  2516 | D:4      | 2516 ||| READING scroll of teleportation.
  2517 | D:4      | Killed Menkaure
  2708 | D:4      | Found a stormy altar of Qazlal.
  2725 | D:4      | Reached skill level 8 in Dodging
  2772 | D:4      | 2772 ||| DROPPING +2 heavy sling.
  3131 | D:4      | 3131 ||| READING scroll labelled FEIDWISKUSATS.
  3132 | D:4      | 3132 ||| READING scroll labelled NIOHUADGH REPT.
  3148 | D:5      | Entered Level 5 of the Dungeon
  3180 | D:5      | Reached skill level 9 in Dodging
  3245 | D:5      | Reached XP level 8. HP: 39/39 MP: 9/9
  3335 | D:5      | 3335 ||| SWAPPING to +0 orcbow.
  3336 | D:5      | 3336 ||| DROPPING +1 shortbow.
  3350 | D:5      | Reached skill level 3 in Fighting
  3363 | D:5      | Found an ornate altar of the Wu Jian Council.
  3754 | D:5      | Noticed Prince Ribbit
  3772 | D:5      | Killed Prince Ribbit
  3773 | D:5      | Reached skill level 9 in Ranged Weapons
  4046 | D:5      | 4046 ||| UPGRADING to +5 ring of evasion.
  4047 | D:5      | 4047 ||| READING 3 scrolls of identify.
  4047 | D:5      | 4047 ||| IDENTIFYING puce potion
  4048 | D:5      | 4048 ||| READING 2 scrolls of identify.
  4048 | D:5      | 4048 ||| IDENTIFYING fizzy dark potion
  4049 | D:5      | 4049 ||| READING scroll of identify.
  4049 | D:5      | 4049 ||| IDENTIFYING glowing dark potion
  4050 | D:5      | 4050 ||| READING scroll labelled ULYURCHOKLO.
  4051 | D:5      | 4051 ||| DROPPING potion of degeneration.
  4057 | D:6      | Noticed Blork the orc
  4058 | D:6      | 4058 ||| STAIRDANCE
  4064 | D:6      | 4064 ||| STAIRDANCE
  4066 | D:5      | Killed Blork the orc
  4192 | D:6      | Reached skill level 10 in Dodging
  4505 | D:6      | Reached XP level 9. HP: 44/44 MP: 10/10
  4597 | D:6      | 4597 ||| RETREEEEATING.
  4612 | D:6      | Reached skill level 11 in Dodging
  5010 | D:6      | 5010 ||| UPGRADING to amulet of regeneration.
  5015 | D:6      | 5015 ||| READING 2 scrolls of identify.
  5015 | D:6      | 5015 ||| IDENTIFYING viscous orange potion
  5016 | D:6      | 5016 ||| READING scroll of identify.
  5016 | D:6      | 5016 ||| IDENTIFYING blue potion
  5073 | D:7      | Found a transporter.
  5078 | D:7      | Found a bloodstained altar of Trog.
  5111 | D:7      | Found a transporter.
  5111 | D:7      | Noticed a moth of wrath
  5111 | D:7      | Noticed a two-headed ogre
  5114 | D:7      | Noticed qw's ghost (novice SpHu)
  5217 | D:7      | Reached skill level 12 in Dodging
  5283 | D:7      | Paralysed by a hornet for 3 turns
  5285 | D:7      | HP: 8/45 [hornet (4)]
  5285 | D:7      | Slain by a hornet

Levels and vault maps discovered:
D:1:      dpeg_arrival_chambers_temple_mockup, layout_loops_ring, serial_shops,
          shop, nicolae_kite_square_tiling_tiny
D:2:      layout_basic, uniq_sigmund, uniq_natasha
D:3:      layout_rooms, corexii_shack
D:4:      layout_loops_ring, kennysheep_mini_moat, minmay_temple_entry_tees,
          uniq_menkaure
D:5:      layout_layer_cave, mainiacjoe_overflow_catwalk, uniq_prince_ribbit1
D:6:      layout_loops_corners, minmay_misc_feat_rugged, uniq_blork_the_orc
D:7:      minmay_bubble_buster, layout_cave_pods, mainiacjoe_overflow_alcove_2,
          mainiacjoe_overflow_alcove_3, gammafunk_ghost_wrathful_warriors
Temple:   nicolae_temple_bog_church

Skill      XL: |  1  2  3  4  5  6  7  8  9 |
---------------+----------------------------+-----
Dodging        | 3 4 7 9 10 12 | 12.0
Ranged Weapons | 5 6 7 9 10 | 10.1
Fighting       | 2 3 4 |  4.0
Stealth        | |  1.5

Action                     |  1- 3 |  4- 6 |  7- 9 || total
---------------------------+-------+-------+-------++-------
  Melee: Unarmed           |       |    13 |       ||    13
   Fire: Shortbow          |    65 |   160 |    86 ||   311
         Orcbow            |       |       |   194 ||   194
    Use: Scroll            |     6 |     4 |    10 ||    20
   Stab: Confused          |       |     1 |       ||     1
 Armour: Robe              |     4 |     8 |    20 ||    32
         Skin              |       |     5 |       ||     5
  Dodge: Dodged            |    15 |    67 |   176 ||   258

Table legend:
 A = Non-vault XP
 B = Vault XP
 C = Vault XP percentage of total XP
 D = Non-vault monster count
 E = Vault monster count
 F = Vault count percentage of total count
                 A         B        C        D         E       F
            +---------+---------+-------+---------+---------+-------
      Total |    3367 |    1208 |  26.4 |     134 |      12 |   8.2
            +---------+---------+-------+---------+---------+-------
        D:1 |      36 |       0 |   0.0 |      20 |       0 |   0.0
        D:2 |     128 |     245 |  65.7 |      27 |       2 |   6.9
        D:3 |     152 |       3 |   1.9 |      26 |       1 |   3.7
        D:4 |     446 |     169 |  27.5 |      19 |       1 |   5.0
        D:5 |     910 |     368 |  28.8 |      11 |       2 |  15.4
        D:6 |    1340 |       0 |   0.0 |      26 |       0 |   0.0
        D:7 |     355 |     423 |  54.4 |       5 |       6 |  54.5
            +---------+---------+-------+---------+---------+-------
